Cogmind - Beta 17 @@@ ROGUE MODE // 2026.07.06 @ 13:16:10 Player: Zish Result: Destroyed by as-87912 with Assembled Maul Performance ------------- Evolutions (0) 0 Regions Visited (2) 400 Robots Destroyed (9) 45 Value Destroyed (257) 257 Prototype IDs (0) 0 Alien Tech Used (0) 0 Bonus (35) 35 TOTAL SCORE: 737 Bonus ------- Follower Combat Kills 35 Cogmind --------- Core Integrity 0/250 Matter 300/300 Energy 100/100 System Corruption 3% Temperature Cool (0) Movement Treading (240) Ox1 Location -10/Mines Parts ------- > --- POWER (1) -------- (None) > --- PROPULSION (2) --- Light Treads > --- UTILITY (2) ------ Large Storage Unit > --- WEAPON (2) ------- Grenade Launcher Maul > --- INVENTORY (15) --- Ion Engine Light Nuclear Core Light Treads Light Treads Light Treads Small Storage Unit Medium Storage Unit Hacking Suite Hacking Suite Particle Gun Datajack Peak State ------------ > --- POWER ------------ Light Angular Momentum Engine > --- PROPULSION ------- Light Treads Light Treads > --- UTILITY ---------- Large Storage Unit > --- WEAPON ----------- Particle Gun Grenade Launcher > --- INVENTORY -------- Ion Engine Light Treads Light Treads Light Treads Small Storage Unit Medium Storage Unit Hacking Suite Hacking Suite Datajack Maul [Rating: 12] Favorites ----------- Power Ion Engine Engine Ion Engine Propulsion Light Treads Treads Light Treads Utility Small Storage Unit Storage Small Storage Unit Weapon Assault Rifle Energy Gun Particle Gun Ballistic Gun Assault Rifle Launcher Grenade Launcher Impact Weapon Maul Build | -11 -10 -10 ------- Run | Yrd Mat Min Slots Evolved . | . . . Power . | . . . Propulsion . | . . . Utility . | . . . Weapon . | . . . Parts Attached 12 | 6 2 4 Power 2 | 1 . 1 Engine 2 | 1 . 1 Core . | . . . Reactor . | . . . Propulsion 2 | 2 . . Treads 2 | 2 . . Leg . | . . . Wheel . | . . . Hover . | . . . Flight . | . . . Utility 2 | 1 1 . Device . | . . . Storage 2 | 1 1 . Processor . | . . . Hackware . | . . . Protection . | . . . Artifact . | . . . Weapon 6 | 2 1 3 Energy Gun 2 | 1 . 1 Energy Cannon . | . . . Ballistic Gun 2 | 1 1 . Ballistic Cannon . | . . . Launcher 1 | . . 1 Special Weapon . | . . . Impact Weapon 1 | . . 1 Slashing Weapon . | . . . Piercing Weapon . | . . . Special Melee Weapon . | . . . Unidentified Prototypes . | . . . Parts Lost 5 | . . 5 Power 2 | . . 2 Propulsion 1 | . . 1 Utility . | . . . Weapon 2 | . . 2 Highest Loss Streak 3 | . . 3 To Critical Strikes . | . . . Average Backups 8 | 1 7 11 Power 1 | . . 1 Propulsion 1 | . . 3 Utility 2 | . 1 4 Weapon 2 | . 3 1 Tool/Special . | . . . Unused Backups 12 | . 5 7 Power 4 | . 2 2 Propulsion 1 | . . 1 Utility 3 | . . 3 Weapon 3 | . 3 . Tool/Special 1 | . . 1 Average Slot Usage (%) 84 | . 85 84 Engine 13 | . 14 13 Treads 27 | . 28 27 Storage 14 | . 14 14 Energy Gun 3 | . 1 7 Ballistic Gun 20 | . 26 12 Launcher 3 | . . 7 Peak Build Rating 12 | 6 8 12 Average Rating 8 | 5 6 10 On Entrance 4 | . 6 7 Avg Prop Armor Cover (%) . | . . . Naked Turns . | . . . Heaviest Build 35 | 14 29 35 Greatest Support 40 | 40 40 40 Greatest Overweight (x) 2 | 2 . . Average Overweight (x) . | . . . Largest Inventory Capacity 15 | 8 15 15 Average Capacity 11 | 6 8 15 Most Carried 13 | 2 13 13 Average Carried 8 | 1 7 11 Final Capacity 15 | 8 15 15 Final Carried 12 | 2 12 11 Class Distribution -------------------- 100% | Mutant Dominant Class ---------------- Mutant | -10/Materials Mutant | -10/Mines Resources | -11 -10 -10 ----------- Run | Yrd Mat Min Matter Collected 584 | 279 154 151 Remotely . | . . . Salvage Created 250 | 77 173 . Parts 14 | 1 13 . Haulers Intercepted . | . . . Recyclers Shooed . | . . . Parts Field Recycled . | . . . Retrieved Matter . | . . . Parts Self-Destructed . | . . . Prevented . | . . . Parts Restored . | . . . Kills | -11 -10 -10 ------- Run | Yrd Mat Min Combat Hostiles Destroyed 6 | . 3 3 Guns 5 | . 3 2 AOE 1 | . . 1 Classes Destroyed 6 | 1 3 2 Worker 1 | . 1 . Recycler 1 | 1 . . Operator 2 | . 2 . Grunt 3 | . 3 . Demolisher 2 | . . 2 Assembled 1 | . . 1 Best Kill Streak 1 | 1 1 1 Combat Bots Only 1 | . 1 1 Max Kills in Single Turn 1 | 1 1 1 Gunslinging . | . . . Exploded 1 | . . 1 Melee . | . . . Uniques/NPCs Destroyed . | . . . Combat | -11 -10 -10 -------- Run | Yrd Mat Min Hostile Shots Fired 52 | . 24 28 Missed 11 | . 4 7 Hits 41 | . 20 21 Melee 5 | . . 5 Projectile 36 | . 20 16 AOE 11 | . . 11 Damage Taken 991 | . 219 772 Core 260 | . 44 216 Absorbed by Shields . | . . . Core Remaining (%) 100 | 100 . . Volleys Fired 48 | 8 29 11 Largest 2 | 2 2 2 Hottest 95 | 70 70 95 Shots Fired 96 | 16 58 22 Gun 89 | 16 58 15 Cannon . | . . . Launcher 7 | . . 7 Special . | . . . Kinetic 73 | 8 57 8 Thermal 16 | 8 1 7 Explosive 7 | . . 7 Electromagnetic . | . . . Robot Hit Streak 8 | 2 8 6 Robot Miss Streak 3 | 3 3 2 Penetration Max . | . . . Secondary Targets 1 | . . 1 Max Gunslinging Chain 1 | . . 1 Shots Hit Robots 61 | 7 38 16 Core Hits 22 | 2 10 10 Critical Kills . | . . . Critical Parts Destroyed . | . . . Critical Strikes 1 | . . 1 Burn 1 | . . 1 Melee Attacks 5 | . . 5 Impact 5 | . . 5 Slashing . | . . . Piercing . | . . . Sneak Attacks . | . . . Combat Hostiles . | . . . Follow-up Attacks . | . . . Damage Inflicted 907 | 88 505 314 Guns 719 | 88 505 126 Cannons . | . . . Explosions 79 | . . 79 Melee 109 | . . 109 Ramming . | . . . Kinetic 578 | 38 493 47 Thermal 141 | 50 12 79 Explosive 79 | . . 79 Electromagnetic . | . . . Impact 109 | . . 109 Slashing . | . . . Piercing . | . . . Highest Corruption 2 | . . 2 Average Corruption 2 | . . 2 Corruption Purged . | . . . Corruption Blocked . | . . . Overload Shots . | . . . Overflow Damage . | . . . Projectiles . | . . . Explosions . | . . . Melee . | . . . Knockbacks 2 | . . 2 Impact 2 | . . 2 Kinetic . | . . . Secondary . | . . . Self-Inflicted Damage 78 | . . 78 Shots 3 | . . 3 Rammed . | . . . Targets Rammed . | . . . Kicked . | . . . Crushed . | . . . Highest Temperature 145 | 36 9 145 Average Temperature 39 | 15 6 59 Received Heat Transfer 120 | . 120 . Siege Activations . | . . . Martial Activations . | . . . Shielding Activations . | . . . Robots Disrupted . | . . . Combat Hostiles . | . . . Robots Corrupted . | . . . Combat Hostiles . | . . . Parts Fried . | . . . Impact Corruptions . | . . . Robots Melted . | . . . Combat Hostiles . | . . . Parts Melted . | . . . Heat Transferred 444 | 148 37 259 Parts Sabotaged . | . . . Parts Stolen . | . . . Parts Stripped . | . . . Power Chain Reactions . | . . . Alert | -11 -10 -10 ------- Run | Yrd Mat Min Maximum Alert Level . | . . . Low Security (%) 100 | 100 100 100 Level 1 . | . . . Level 2 . | . . . Level 3 . | . . . Level 4 . | . . . Level 5 . | . . . High Security . | . . . Max Security . | . . . Peak Influence 93 | 5 40 93 Initial . | . . . Average 8 | . 5 15 Influence Increases 324 | 5 107 212 Destroy 0b10 Robot/C 200 | . 60 140 Destroy 0b10 Robot/NC 20 | 5 15 . Destroy Leader 50 | . 20 30 Allied During Kill 18 | . . 18 Successful Hack 12 | . 12 . Disable Machine 15 | . . 15 Destroy Structure 9 | . . 9 Influence Decreases 324 | 5 107 212 Time Decay 244 | 5 107 132 Lost Part 20 | . . 20 Lost Ally 60 | . . 60 Squads Dispatched 4 | . 4 . Investigation 1 | . 1 . Extermination . | . . . Reinforcement 3 | . 3 . Assault . | . . . Garrison . | . . . Intercept . | . . . Searches Triggered . | . . . Construction Impeded . | . . . Haulers Reinforced . | . . . Active Scanning Responses . | . . . Cargo Convoy Interrupts . | . . . Stealth | -11 -10 -10 --------- Run | Yrd Mat Min Distress Signals 4 | . 3 1 Communications Jammed . | . . . Distress Signals . | . . . Times Spotted 20 | . 7 13 Peak Tracking Total 5 | . 2 5 Tactical Retreats 1 | . . 1 Traps | -11 -10 -10 ------- Run | Yrd Mat Min Traps Triggered . | . . . Indirectly . | . . . Trap Hack Attempts . | . . . Triggered . | . . . Disarmed . | . . . Reprogrammed . | . . . Reused . | . . . Traps Extracted . | . . . Installed . | . . . Triggered . | . . . Machines | -11 -10 -10 ---------- Run | Yrd Mat Min Machines Disabled 1 | . . 1 Max in Single Turn . | . . . Machines Repaired . | . . . Machines Dismantled . | . . . Machines Sabotaged . | . . . Overloaded Fab Kills . | . . . Hacking | -11 -10 -10 --------- Run | Yrd Mat Min Machines Accessed 2 | . 2 . Terminals 2 | . 2 . Fabricators . | . . . Repair Stations . | . . . Recycling Units . | . . . Scanalyzers . | . . . Garrison Access . | . . . Total Hacks 3 | . 3 . Successful 2 | . 2 . Failed 1 | . 1 . Catastrophic . | . . . Database Lockouts . | . . . Manual 3 | . 3 . Terminals 3 | . 3 . Fabricators . | . . . Repair Stations . | . . . Recycling Units . | . . . Scanalyzers . | . . . Garrison Access . | . . . Terminal Hacks . | . . . Fabricator Hacks . | . . . Repair Station Hacks . | . . . Recycling Unit Hacks . | . . . Scanalyzer . | . . . Garrison Access Hacks . | . . . Unauthorized Hacks 2 | . 2 . Terminals 2 | . 2 . Operators 2 | . 2 . Fabricators . | . . . Repair Stations . | . . . Recycling Units . | . . . Scanalyzers . | . . . Garrison Access . | . . . Data Cores Recovered . | . . . Used . | . . . Hacking Detections 1 | . 1 . Full Trace Events . | . . . Feedback Events . | . . . Feedback Blocked . | . . . Robot Schematics Acquired . | . . . Robots Built . | . . . Authchips . | . . . Time . | . . . Total Robot Build Rating . | . . . Part Schematics Acquired . | . . . Parts Built . | . . . Authchips . | . . . Time . | . . . Total Part Build Rating . | . . . Part Studies Acquired . | . . . Parts Repaired . | . . . Time . | . . . Parts Recycled . | . . . Recycled Matter . | . . . Retrieved Matter . | . . . Retrieved Components . | . . . Parts Scanalyzed . | . . . Part Schematics Acquired . | . . . Parts Damaged . | . . . Bothacking | -11 -10 -10 ------------ Run | Yrd Mat Min Used RIF Installer . | . . . Robots Hacked . | . . . Non-combat . | . . . Combat . | . . . Robot Hacks Applied . | . . . Relay Couplers Released . | . . . Fabnet Peak Effective % . | . . . Robots Rewired . | . . . Allies Hacked . | . . . Hacks Repelled . | . . . Allies | -11 -10 -10 -------- Run | Yrd Mat Min Total Allies 3 | . . 3 Largest Group 3 | . . 3 Highest-Rated Group 40 | . . 40 Highest-Rated Ally 16 | . . 16 Total Orders . | . . . Ally Attacks 21 | . . 21 Total Damage 201 | . . 201 Kills 6 | . . 6 Allies Corrupted . | . . . Allies Melted 2 | . . 2 Intel | -11 -10 -10 ------- Run | Yrd Mat Min Active Infowar (turns) . | . . . Robot Analysis Total . | . . . Derelict Logs Recovered 1 | . . 1 Drone Launches . | . . . Drone Recoveries . | . . . Exploration | -11 -10 -10 ------------- Run | Yrd Mat Min Turns Passed 1500 | 115 801 584 Spaces Moved 802 | 54 417 331 Core 7 | 7 . . Treads 795 | 47 417 331 Legs . | . . . Wheels . | . . . Hover . | . . . Flight . | . . . Fastest Speed 50 | 50 160 160 Average Speed 159 | 150 160 160 Slowest Speed 160 | 160 160 160 Overloaded Moves . | . . . Propulsion Burnouts . | . . . Robots Hopped . | . . . Potential Cave-ins . | . . . Cave-ins Triggered . | . . . Exploration Rate (%) 44 | 3 64 66 Regions Visited 2 Branch Regions 1 Pre-discovered Areas . | . . . Known Exits Taken . | . . . Unknown Exits Taken 2 | 1 1 . Scrap Searched 1 | . . 1 Spaces Dug . | . . . Terrain Destroyed 18 | . . 18 Melee . | . . . Projectile . | . . . AOE 18 | . . 18 Terrain Rammed . | . . . Walls Destroyed . | . . . Machines Disabled . | . . . Actions | -11 -10 -10 --------- Run | Yrd Mat Min Total 920 | 69 497 354 Wait 25 | . 25 . Move 800 | 53 416 331 Hop . | . . . Pick Up 20 | 2 16 2 Fast Attach 7 | 6 1 . Attach 5 | . 1 4 Detach 3 | . 2 1 Swap . | . . . Drop 7 | . 7 . Fire 48 | 8 29 11 Melee 5 | . . 5 Ram . | . . . Kick . | . . . Crush . | . . . Escape Stasis . | . . . Rewire . | . . . Trap . | . . . Miscellaneous . | . . . Route ------- -11/Scrapyard -10/Materials (discovered 3 exits: [*Mat x2] / [*Min]) -10/Mines History --------- Turn | Location | Event 40 | -11/Scrapyard | Discovered new exit (range 16) 116 | -11/Scrapyard | Entered Materials 117 | -10/Materials | Met a group of wandering Federalists 309 | -10/Materials | Build established: Mutant 412 | -10/Materials | Discovered new exit (range 9) 542 | -10/Materials | Discovered new exit (range 3) 675 | -10/Materials | Discovered new exit (range 15) 917 | -10/Materials | Entered Mines 924 | -10/Mines | Assisted by bots powering up and referring to "LRC-V3" 1046 | -10/Mines | Assembled infested the area 1175 | -10/Mines | Core integrity fell below 50% 1209 | -10/Mines | Lost 3 parts (1p2w) 1229 | -10/Mines | Learned location of 1 exit from Materials 1338 | -10/Mines | Found a hidden stash of uninstalled traps 1434 | -10/Mines | Core integrity fell below 20% 1501 | -10/Mines | Destroyed by as-87912 with Assembled Maul Last Messages --------------- 01217_ Acquired 15 matter. 01218_ The unstable cave ceiling collapses. 01221_ Acquired 14 matter. 01229_ Acquired derelict log, extracted data. Data stored: Materials exits (x1). 01252_ Searching scrap... 01252_ Found Lgt. Assault Rifle. 01252_ Found Wheel. 01252_ Found 34 Matter. 01338_ A stash of uninstalled traps is collected here! 01436_ as-46508 destroyed. 01444_ The unstable cave ceiling collapses. 01471_ Acquired 20 matter. 01490_ as-87912 knocked back. 01494_ Lgt. Treads destroyed. 01494_ System corrupted by crushing effect (+2). 01499_ as-87912 knocked back. 01501_ Lgt. Angular Momentum Engine destroyed. 01501_ System corrupted by crushing effect (+1). Map ----- +----------------------------------------------------+ | ### ##?## ## ##??????????????? | | ## ### #??????????????? | | #??????????????? | | #### ##??????????????? | | ##??####???????????????? | | ## ## ###??????????????????????? | | ## ### #????????????????????????? | | ## #?# #????????????????????????? | | """ ## #?# #????????????????????????? | | ## """ #### #?# #????????????????????????? | | ?## """ ##?## ##?# #????????????????????????? | | ??## ##?# #??# #????????????????????????? | | ???### #?# #### #????????????????????????? | | ?????## #?# ## #????????????????????????? | | ??????# ## ##?### ## #????????????????????????? | | ??????## #####????# ## #????????????????????????? | | ???????####????????# =#????????????????????????? | | ???????????????????####%#????????????????????????? | | ??????????????????????#[#????????????????????????? | | ??????????????????????# #????????????????????????? | | ??????????????????????# #????????????????????????? | | ??????????????????????# #?????###????????????????? | | ??????????????????????# #?????# ????????????????? | | ??????????????????????# ###???# #????????????????? | | ??????????????????????# #???# #????????????????? | | ??????????????????????###@#???# #????????????????? | | ????????????????????????#a#???# #????????????????? | | ????????????????????????# #???# #????????????????? | | ????????????????????????# ##### #????????????????? | | ????????????????????????# % #????????????????? | | ????????????????????????####### #????????????????? | | ??????????????????????????????# #????????????????? | | ????????????????????????????###!###??????????????? | | ????????????????????????????# % #??????????????? | | ????????????# #?????????????# !##?????????????? | | ???????????? #??????????## "" #?????????????? | | ???????????? ##???###### ! ##????????????? | | ????????????# #?## # [ ##???????????? | | ####?????????# ## = # #???????????? | | ##########?# % # #???????????? | | #??# # ##??????????? | | #??### # #??????????? | | ####### #????## # # #??????????? | | #?????# #?????## # ### # #??????????? | | ##?????# #??????# # #??????????? | | ###??????# #??????## # # # # # #??????????? | | #????????# #??????# ### ## #??????????? | | #????????# #??????## # " #??????????? | | #????????# ############ ####??????????? | | #????????# ## ####?????????????? | +----------------------------------------------------+ Best States ------------- Heat Dissipation 25 Energy Generation 18 Energy Capacity 250 Matter Stores 300 Matter Capacity 300 Sight Range 16 Terrain Scan Density 10 Evasion (%) 40 Recoil Reduction 2 Item Schematics ----------------- None Robot Schematics ------------------ None Fabricated ------------ Nothing Repaired ---------- Nothing Studied --------- None Alien Tech Used ----------------- None Achievements -------------- None Challenges ------------ None Game ------ Seed VampiricIonSabre Manual? 0 Play Time 00:10:17 Cumulative 32.4 hours Start 2026.07.06 @ 13:06:01 End 2026.07.06 @ 13:16:10 Sessions 1 Manual Loads 0 Difficulty Rogue Special Mode None Game No. 92 Rogue 92 Adventurer 0 Explorer 0 Win Type - Total 0 Types 0/0/0/0/0/0/0/0/0/0 Lore% 18 Gallery% 28 Achievement% 22 Wizard Run 0 Options --------- Layout 1 ASCII 0 Keyboard 1 Movement Vi Keybinds 0 Fullscreen 1 Font 24/Smallcaps Map View 50x35 Zoom Use 0% Tactical HUD 1 Map Filters NONE Filters NONE Steam 1 RUN: 767b78f4-5ca6-4e25-8ec8-2f73b5ad0cbf